Devils vs Stars
(R1)
Created - 26 octobre 2014 at 19:36
Goals
|
| Devils |
0 |
1 |
1 |
2 |
| Stars |
1 |
2 |
1 |
4 |
|
Shots
|
| Devils |
9 |
14 |
8 |
31 |
| Stars |
14 |
7 |
9 |
30 |
|
1st period
1. Stars , Tomas Plekanec 7 (Éric Belanger) at 18:31
Penalties :
Brendan Bell (Dal) for Roughing (Minor) at 6:06, Daniel Sedin (Dal) for Hooking (Minor) at 13:14
2nd period
2. Stars , Daniel Cleary 4 (Pavel Kubina, Marty Reasoner) at 3:01
3. Devils , Ben Lovejoy 1 (Jay Bouwmeester, Viktor Fasth) at 7:52
4. Stars , Daniel Sedin 6 (Henrik Sedin) at 8:32
Penalties :
Henrik Sedin (Dal) for Hooking (Minor) at 3:34, Maxim Afinogenov (NJD) for Hooking (Minor) at 8:43, Raphael Diaz (Dal) for Tripping (Minor) at 15:34
3rd period
5. Stars , Sean Avery 2 (Éric Belanger, Evgeny Artyukhin) at 12:31
6. Devils , Vincent Lecavalier 9 (Patric Hornqvist) at 13:09
Penalties :
Daniel Sedin (Dal) for Interference (Minor) at 0:25, Clay Wilson (Dal) for Interference (Minor) at 8:13, Henrik Sedin (Dal) for Slashing (Minor) at 16:02
Goalie Stats
Viktor Fasth (NJD), 26 saves from 30 shots - (0,867), L, 7-3-0, 60:00 minutes
Pascal Leclaire (Dal), 29 saves from 31 shots - (0,935), W, 2-4-1, 60:00 minutes
Players Stats for Devils
Player Name G A P +/- PIM S H SB GA TA FO MP PP MP PK MP
------------------------------------------------------------------------------------
Andrej Meszaros 0 0 0 -1 0 0 0 2 0 0 0/0 18:34 6:41 0:00
Antti Miettinen 0 0 0 0 0 3 1 1 0 1 0/0 10:22 0:14 0:31
Ben Lovejoy 1 0 1 0 0 2 1 3 0 0 0/0 23:04 7:12 0:00
Brad Ference 0 0 0 -1 0 0 1 0 0 1 0/0 15:04 0:00 1:09
Dustin Boyd 0 0 0 0 0 0 0 0 1 0 2/2 8:07 0:00 0:00
Greg Stewart 0 0 0 0 0 2 1 0 1 0 1/1 9:12 0:14 0:27
Guillaume Latendresse 0 0 0 -1 0 2 1 0 3 0 1/3 21:19 6:31 0:00
Jason Arnott 0 0 0 -1 0 0 2 0 0 0 4/9 12:04 0:14 1:01
Jay Bouwmeester 0 1 1 0 0 5 1 1 0 1 0/0 20:34 7:12 1:09
Ladislav Nagy 0 0 0 -1 0 1 2 0 0 0 0/0 10:42 0:00 0:27
Maxim Afinogenov 0 0 0 -1 2 2 1 0 2 0 2/3 22:09 7:08 0:00
Mike Komisarek 0 0 0 -1 0 0 1 0 0 0 0/0 17:34 0:00 0:50
Patric Hornqvist 0 1 1 0 0 1 0 1 0 0 1/1 16:51 6:31 0:00
Patrick Eaves 0 0 0 -1 0 0 2 0 1 0 0/0 9:57 0:00 0:00
Ryan Whitney 0 0 0 -1 0 2 4 0 0 0 0/0 24:22 6:41 0:50
Stephen Weiss 0 0 0 -1 0 3 4 0 0 0 12/25 21:19 6:31 0:00
Vincent Lecavalier 1 0 1 0 0 7 3 1 0 0 7/15 18:03 7:08 0:31
Zach Parise 0 0 0 0 0 1 0 0 1 1 0/2 18:43 7:08 1:01
Players Stats for Stars
Player Name G A P +/- PIM S H SB GA TA FO MP PP MP PK MP
------------------------------------------------------------------------------------
Brendan Bell 0 0 0 0 2 0 3 0 0 1 0/0 18:55 0:52 4:36
Clay Wilson 0 0 0 0 2 0 0 1 0 1 0/0 12:53 0:00 0:56
Daniel Cleary 1 0 1 1 0 2 0 1 0 0 1/1 11:38 0:53 4:13
Daniel Sedin 1 0 1 1 4 6 8 0 0 0 0/0 18:45 1:06 1:10
Éric Belanger 0 2 2 0 0 1 0 3 0 0 1/6 13:47 0:00 4:13
Evgeny Artyukhin 0 1 1 0 0 1 2 0 0 0 0/0 8:57 0:00 0:00
Henrik Sedin 0 1 1 1 4 2 1 0 1 0 18/34 17:20 1:06 0:00
Jan Hlavac 0 0 0 1 0 1 2 2 0 0 0/0 14:10 0:00 8:02
John Tavares 0 0 0 1 0 2 1 0 0 1 0/0 18:22 0:00 1:38
Kurtis Foster 0 0 0 2 0 4 0 1 0 2 0/0 28:36 1:07 8:21
Marty Reasoner 0 1 1 1 0 0 0 0 0 1 8/14 14:10 0:00 8:02
Milan Michalek 0 0 0 0 0 2 5 0 0 0 0/0 13:22 0:53 0:28
Pavel Kubina 0 1 1 2 0 2 0 0 1 2 0/0 28:36 1:07 8:21
Randy Jones 0 0 0 0 0 1 0 0 0 1 0/0 18:54 0:52 5:32
Raphael Diaz 0 0 0 0 2 0 1 0 0 0 0/0 12:43 0:00 0:00
Sean Avery 1 0 1 0 0 2 0 0 0 0 0/0 9:02 0:00 0:00
Shane Doan 0 0 0 0 0 2 0 1 0 0 0/0 13:01 1:06 0:00
Tomas Plekanec 1 0 1 0 0 2 0 0 2 0 3/6 12:49 0:53 0:00
3 Stars
1 - Daniel Sedin (Dal)
2 - Vincent Lecavalier (NJD)
3 - Daniel Cleary (Dal)
Power Play
Devils - 0 on 7 Attempt(s) - 0,00%
Stars - 0 on 1 Attempt(s) - 0,00%
Penalty Kill
Devils - 1 on 1 Attempt(s) - 100,00%
- Score 0 goal in Penalty Kill
Stars - 7 on 7 Attempt(s) - 100,00%
- Score 0 goal in Penalty Kill
Official
Referees : Jackson Dave and Hasenfratz Mike
Linesman : Pierre Racicot and Scott Cherrey
Game Notes
No Game Note
Finance
Level 1 -- Attendance: 5577 (92,95%) -- Ticket Income 474 045 $
Level 2 -- Attendance: 3606 (72,12%) -- Ticket Income 198 330 $
Level 3 -- Attendance: 1880 (94,00%) -- Ticket Income 56 400 $
Level 4 -- Attendance: 4000 (100,00%) -- Ticket Income 76 000 $
Luxury Box -- Attendance: 744 (74,40%) -- Ticket Income 130 200 $
Game was played at the American Airlines Center
Total Attendance: 15807 (87,82%)
Total Ticket Income: 934 975 $
Other Income: 140 246 $
Total Income: 1 075 221 $
Devils
5 vs 5 Forward
Center Left Wing Right Wing Time % Phy DF OF
1 Stephen Weiss Guillaume Latendresse Maxim Afinogenov 40 1 2 2
2 Vincent Lecavalier Zach Parise Patric Hornqvist 30 1 2 2
3 Jason Arnott Ladislav Nagy Patrick Eaves 20 1 2 2
4 Dustin Boyd Greg Stewart Antti Miettinen 10 1 2 2
5 vs 5 Defense
Defense Defense Time % Phy DF OF
1 Ryan Whitney Mike Komisarek 40 1 3 1
2 Jay Bouwmeester Ben Lovejoy 30 1 3 1
3 Brad Ference Andrej Meszaros 20 1 3 1
4 Ben Lovejoy Brad Ference 10 1 3 1
PowerPlay Forward
Center Left Wing Right Wing Time % Phy DF OF
1 Vincent Lecavalier Zach Parise Maxim Afinogenov 60 1 2 2
2 Stephen Weiss Guillaume Latendresse Patric Hornqvist 40 1 2 2
PowerPlay Defense
Defense Defense Time % Phy DF OF
1 Jay Bouwmeester Ben Lovejoy 60 1 2 2
2 Ryan Whitney Andrej Meszaros 40 1 2 2
Penalty Kill 4 Players Forward
Center Wing Time % Phy DF OF
1 Jason Arnott Zach Parise 60 1 2 2
2 Vincent Lecavalier Antti Miettinen 40 1 2 2
Penalty Kill 4 Players Defense
Defense Defense Time % Phy DF OF
1 Jay Bouwmeester Brad Ference 60 1 2 2
2 Ryan Whitney Mike Komisarek 40 1 2 2
Penalty Kill - 3 Players Forward
Forward Time % Phy DF OF
1 Jason Arnott 60 1 2 2
2 Vincent Lecavalier 40 1 2 2
Penalty Kill - 3 Players Defense
Defense Defense Time % Phy DF OF
1 Brad Ference Ryan Whitney 60 1 2 2
2 Mike Komisarek Jay Bouwmeester 40 1 2 2
4 vs 4 Forward
Center Wing Time % Phy DF OF
1 Stephen Weiss Zach Parise 60 1 2 2
2 Vincent Lecavalier Guillaume Latendresse 40 1 2 2
4 vs 4 Defense
Defense Defense Time % Phy DF OF
1 Brad Ference Mike Komisarek 60 1 2 2
2 Jay Bouwmeester Ryan Whitney 40 1 2 2
Last Minutes Offensive
Center Left Wing Right Wing Defense Defense
Vincent Lecavalier Guillaume Latendresse Maxim Afinogenov Ryan Whitney Jay Bouwmeester
Last Minutes Defensive
Center Left Wing Right Wing Defense Defense
Jason Arnott Zach Parise Maxim Afinogenov Ryan Whitney Jay Bouwmeester
Goaltenders
Starting : Viktor Fasth
Backup : Dan Ellis
Extra Forwards
Normal : Jason Arnott, Antti Miettinen, Ladislav Nagy - PP : Jason Arnott, Greg Stewart - PK : Ladislav Nagy
Extra Defensemen
Normal : Brad Ference, Mike Komisarek, Andrej Meszaros - PP : Brad Ference - PK : Brad Ference, Ben Lovejoy
Penalty Shots
Vincent Lecavalier, Patric Hornqvist, Maxim Afinogenov, Stephen Weiss, Guillaume Latendresse
Stars
5 vs 5 Forward
Center Left Wing Right Wing Time % Phy DF OF
1 Henrik Sedin Daniel Sedin John Tavares 40 1 2 2
2 Tomas Plekanec Milan Michalek Shane Doan 30 1 2 2
3 Éric Belanger Sean Avery Evgeny Artyukhin 20 1 2 2
4 Marty Reasoner Jan Hlavac Daniel Cleary 10 1 2 2
5 vs 5 Defense
Defense Defense Time % Phy DF OF
1 Pavel Kubina Kurtis Foster 40 1 2 2
2 Randy Jones Brendan Bell 30 1 2 2
3 Raphael Diaz Clay Wilson 20 1 2 2
4 Pavel Kubina Kurtis Foster 10 1 2 2
PowerPlay Forward
Center Left Wing Right Wing Time % Phy DF OF
1 Henrik Sedin Daniel Sedin Shane Doan 60 1 2 2
2 Tomas Plekanec Milan Michalek Daniel Cleary 40 1 2 2
PowerPlay Defense
Defense Defense Time % Phy DF OF
1 Pavel Kubina Kurtis Foster 60 1 2 2
2 Randy Jones Brendan Bell 40 1 2 2
Penalty Kill 4 Players Forward
Center Wing Time % Phy DF OF
1 Marty Reasoner Jan Hlavac 60 1 2 2
2 Éric Belanger Daniel Cleary 40 1 2 2
Penalty Kill 4 Players Defense
Defense Defense Time % Phy DF OF
1 Pavel Kubina Kurtis Foster 60 1 2 2
2 Randy Jones Brendan Bell 40 1 2 2
Penalty Kill - 3 Players Forward
Forward Time % Phy DF OF
1 Marty Reasoner 60 1 2 2
2 Éric Belanger 40 1 2 2
Penalty Kill - 3 Players Defense
Defense Defense Time % Phy DF OF
1 Pavel Kubina Kurtis Foster 60 1 2 2
2 Randy Jones Brendan Bell 40 1 2 2
4 vs 4 Forward
Center Wing Time % Phy DF OF
1 Henrik Sedin Shane Doan 60 1 2 2
2 Daniel Sedin Milan Michalek 40 1 2 2
4 vs 4 Defense
Defense Defense Time % Phy DF OF
1 Pavel Kubina Kurtis Foster 60 1 2 2
2 Randy Jones Brendan Bell 40 1 2 2
Last Minutes Offensive
Center Left Wing Right Wing Defense Defense
Henrik Sedin Daniel Sedin Shane Doan Pavel Kubina Kurtis Foster
Last Minutes Defensive
Center Left Wing Right Wing Defense Defense
Henrik Sedin Daniel Sedin Shane Doan Pavel Kubina Kurtis Foster
Goaltenders
Starting : Pascal Leclaire
Backup : Patrick Lalime
Extra Forwards
Normal : Éric Belanger, Sean Avery, John Tavares - PP : Éric Belanger, Sean Avery - PK : John Tavares
Extra Defensemen
Normal : Raphael Diaz, Clay Wilson, Randy Jones - PP : Raphael Diaz - PK : Clay Wilson, Randy Jones
Penalty Shots
Henrik Sedin, Shane Doan, Daniel Sedin, Milan Michalek, Tomas Plekanec
% Time on Ice - Devils
Lines # - Real PCT - Wanted PCT - Time Play
Normal Forward
1 - 36% - 40% - 15:46
2 - 23% - 30% - 10:20
3 - 23% - 20% - 9:57
4 - 18% - 10% - 8:05
Normal Defense
1 - 42% - 40% - 18:32
2 - 28% - 30% - 12:19
3 - 22% - 20% - 9:31
4 - 9% - 10% - 3:46
PP Forward
1 - 53% - 60% - 7:22
2 - 47% - 40% - 6:31
PP Defense
1 - 52% - 60% - 7:12
2 - 48% - 40% - 6:41
PK Forward
1 - 74% - 60% - 1:28
2 - 26% - 40% - 0:31
PK Defense
1 - 58% - 60% - 1:09
2 - 42% - 40% - 0:50
PK3 Forward
1 - 0% - 60%
2 - 0% - 40%
PK3 Defense
1 - 0% - 60%
2 - 0% - 40%
44 Forward
1 - 0% - 60%
2 - 0% - 40%
44 Defense
1 - 0% - 60%
2 - 0% - 40%
Last Minute Offensive - 0:00
Last Minute Defensive - 0:00
Total
Forward - 60:00
Defense - 60:00
|
% Time on Ice - Stars
Lines # - Real PCT - Wanted PCT - Time Play
Normal Forward
1 - 38% - 40% - 16:35
2 - 28% - 30% - 12:28
3 - 20% - 20% - 8:57
4 - 14% - 10% - 6:08
Normal Defense
1 - 41% - 40% - 17:54
2 - 31% - 30% - 13:28
3 - 27% - 20% - 11:45
4 - 2% - 10% - 1:01
PP Forward
1 - 55% - 60% - 1:06
2 - 45% - 40% - 0:53
PP Defense
1 - 56% - 60% - 1:07
2 - 44% - 40% - 0:52
PK Forward
1 - 70% - 60% - 9:40
2 - 30% - 40% - 4:13
PK Defense
1 - 60% - 60% - 8:17
2 - 40% - 40% - 5:36
PK3 Forward
1 - 0% - 60%
2 - 0% - 40%
PK3 Defense
1 - 0% - 60%
2 - 0% - 40%
44 Forward
1 - 0% - 60%
2 - 0% - 40%
44 Defense
1 - 0% - 60%
2 - 0% - 40%
Last Minute Offensive - 0:00
Last Minute Defensive - 0:00
Total
Forward - 60:00
Defense - 60:00
|
Play by Play
1st period
0:01 of 1st period - Henrik Sedin wins face-off versus Guillaume Latendresse in neutral zone.
3:08 of 1st period - Wrist shot by Vincent Lecavalier.
3:08 of 1st period - Stopped by Pascal Leclaire without a rebound.
3:09 of 1st period - Vincent Lecavalier wins face-off versus Henrik Sedin in Stars zone.
3:34 of 1st period - Pavel Kubina is hit by Stephen Weiss and loses puck.
3:51 of 1st period - Icing by Guillaume Latendresse.
3:52 of 1st period - Stephen Weiss wins face-off versus Éric Belanger in Devils zone.
4:01 of 1st period - Slapshot by Vincent Lecavalier.
4:01 of 1st period - Deflect By Patric Hornqvist.
4:01 of 1st period - Stopped by Pascal Leclaire with a rebound.
4:03 of 1st period - Snap shot by Andrej Meszaros.
4:03 of 1st period - Shot Blocked by Éric Belanger.
4:25 of 1st period - Daniel Sedin is hit by Stephen Weiss and loses puck.
4:32 of 1st period - Snap shot by Stephen Weiss.
4:32 of 1st period - Shot Misses the Net.
5:03 of 1st period - Slapshot by Pavel Kubina.
5:03 of 1st period - Stopped by Viktor Fasth with a rebound.
5:28 of 1st period - Snap shot by Evgeny Artyukhin.
5:28 of 1st period - Shot Blocked by Ben Lovejoy.
5:30 of 1st period - Slapshot by Pavel Kubina.
5:30 of 1st period - Stopped by Viktor Fasth without a rebound.
5:31 of 1st period - Henrik Sedin wins face-off versus Stephen Weiss in Devils zone.
5:44 of 1st period - Snap shot by Daniel Sedin.
5:44 of 1st period - Stopped by Viktor Fasth without a rebound.
5:45 of 1st period - Henrik Sedin wins face-off versus Stephen Weiss in Devils zone.
5:46 of 1st period - Snap shot by John Tavares.
5:46 of 1st period - Deflect By Henrik Sedin.
5:46 of 1st period - Stopped by Viktor Fasth without a rebound.
5:47 of 1st period - Maxim Afinogenov wins face-off versus Henrik Sedin in Devils zone.
5:52 of 1st period - Guillaume Latendresse is hit by Daniel Sedin and loses puck.
6:06 of 1st period - Minor Penalty to Brendan Bell for Roughing.
6:07 of 1st period - Vincent Lecavalier wins face-off versus Marty Reasoner in Stars zone.
6:23 of 1st period - Jan Hlavac is hit by Vincent Lecavalier and loses puck.
6:44 of 1st period - Wrist shot by Guillaume Latendresse.
6:44 of 1st period - Shot Misses the Net.
8:00 of 1st period - Pavel Kubina is hit by Antti Miettinen and loses puck.
8:06 of 1st period - Penalty to Brendan Bell is over, Brendan Bell is back on ice.
8:07 of 1st period - Greg Stewart is hit by Daniel Sedin and loses puck.
8:43 of 1st period - Greg Stewart is hit by Evgeny Artyukhin and loses puck.
9:30 of 1st period - Off-side.
9:31 of 1st period - Marty Reasoner wins face-off versus Jason Arnott in neutral zone.
9:33 of 1st period - Off-side.
9:34 of 1st period - Daniel Cleary wins face-off versus Jason Arnott in neutral zone.
9:43 of 1st period - Marty Reasoner is hit by Patrick Eaves and loses puck.
10:00 of 1st period - Slapshot by Jay Bouwmeester.
10:00 of 1st period - Shot Blocked by Daniel Cleary.
10:10 of 1st period - Snap shot by Marty Reasoner.
10:10 of 1st period - Deflect By Jan Hlavac.
10:10 of 1st period - Stopped by Viktor Fasth without a rebound.
10:11 of 1st period - Stephen Weiss wins face-off versus Henrik Sedin in Devils zone.
10:11 of 1st period - Stephen Weiss is hit by Daniel Sedin.
10:17 of 1st period - Slapshot by Maxim Afinogenov.
10:17 of 1st period - Shot Misses the Net.
10:23 of 1st period - Snap shot by Daniel Sedin.
10:23 of 1st period - Shot Misses the Net.
10:25 of 1st period - Slapshot by Kurtis Foster.
10:25 of 1st period - Stopped by Viktor Fasth with a rebound.
10:37 of 1st period - Pavel Kubina is hit by Ryan Whitney and loses puck.
10:56 of 1st period - Slapshot by Ryan Whitney.
10:56 of 1st period - Shot Blocked by Éric Belanger.
10:58 of 1st period - Snap shot by Dustin Boyd.
10:58 of 1st period - Shot Blocked by Clay Wilson.
11:36 of 1st period - Daniel Sedin is hit by Guillaume Latendresse and loses puck.
11:57 of 1st period - Wrist shot by Shane Doan.
11:57 of 1st period - Stopped by Viktor Fasth with a rebound.
12:17 of 1st period - Snap shot by Éric Belanger.
12:17 of 1st period - Stopped by Viktor Fasth without a rebound.
12:18 of 1st period - Guillaume Latendresse wins face-off versus Éric Belanger in Devils zone.
12:22 of 1st period - Off-side.
12:23 of 1st period - Henrik Sedin wins face-off versus Stephen Weiss in neutral zone.
12:26 of 1st period - Jay Bouwmeester is hit by Daniel Sedin and loses puck.
13:01 of 1st period - Backhand shot by Maxim Afinogenov.
13:01 of 1st period - Stopped by Pascal Leclaire with a rebound.
13:03 of 1st period - Slapshot by Jay Bouwmeester.
13:03 of 1st period - Shot Blocked by Éric Belanger.
13:05 of 1st period - Slapshot by Ben Lovejoy.
13:05 of 1st period - Shot Misses the Net.
13:07 of 1st period - Slapshot by Jay Bouwmeester.
13:07 of 1st period - Deflect By Stephen Weiss.
13:07 of 1st period - Stopped by Pascal Leclaire without a rebound.
13:08 of 1st period - Vincent Lecavalier wins face-off versus Henrik Sedin in Stars zone.
13:09 of 1st period - Snap shot by Zach Parise.
13:09 of 1st period - Deflect By Vincent Lecavalier.
13:09 of 1st period - Stopped by Pascal Leclaire without a rebound.
13:10 of 1st period - Vincent Lecavalier wins face-off versus Henrik Sedin in Stars zone.
13:14 of 1st period - Minor Penalty to Daniel Sedin for Hooking.
13:15 of 1st period - Marty Reasoner wins face-off versus Vincent Lecavalier in Stars zone.
13:19 of 1st period - Slapshot by Pavel Kubina.
13:19 of 1st period - Shot Blocked by Ben Lovejoy.
13:49 of 1st period - Snap shot by Guillaume Latendresse.
13:49 of 1st period - Shot Misses the Net.
13:51 of 1st period - Slapshot by Ryan Whitney.
13:51 of 1st period - Deflect By Stephen Weiss.
13:51 of 1st period - Deflect By Pavel Kubina.
13:51 of 1st period - Shot Misses the Net.
13:51 of 1st period - Puck is out of play.
13:52 of 1st period - Marty Reasoner wins face-off versus Stephen Weiss in Stars zone.
14:50 of 1st period - Snap shot by Vincent Lecavalier.
14:50 of 1st period - Shot Misses the Net.
15:14 of 1st period - Penalty to Daniel Sedin is over, Daniel Sedin is back on ice.
15:30 of 1st period - Wrist shot by Tomas Plekanec.
15:30 of 1st period - Stopped by Viktor Fasth without a rebound.
15:31 of 1st period - Dustin Boyd wins face-off versus Henrik Sedin in Devils zone.
15:38 of 1st period - Slapshot by Greg Stewart.
15:38 of 1st period - Stopped by Pascal Leclaire without a rebound.
15:39 of 1st period - Greg Stewart wins face-off versus Henrik Sedin in Stars zone.
15:55 of 1st period - Snap shot by Greg Stewart.
15:55 of 1st period - Stopped by Pascal Leclaire with a rebound.
16:01 of 1st period - Ben Lovejoy is hit by Raphael Diaz and loses puck.
16:22 of 1st period - Snap shot by John Tavares.
16:22 of 1st period - Shot Misses the Net.
16:24 of 1st period - Snap shot by Daniel Sedin.
16:24 of 1st period - Stopped by Viktor Fasth without a rebound.
16:25 of 1st period - Tomas Plekanec wins face-off versus Stephen Weiss in Devils zone.
16:34 of 1st period - Snap shot by Shane Doan.
16:34 of 1st period - Stopped by Viktor Fasth with a rebound.
16:57 of 1st period - Slapshot by Jay Bouwmeester.
16:57 of 1st period - Deflect By Zach Parise.
16:57 of 1st period - Stopped by Pascal Leclaire with a rebound.
17:52 of 1st period - Daniel Sedin is hit by Vincent Lecavalier and loses puck.
18:31 of 1st period - Wrist shot by Tomas Plekanec.
18:31 of 1st period - Goal by Tomas Plekanec - Devils : 0 - Stars : 1.
18:32 of 1st period - Henrik Sedin wins face-off versus Stephen Weiss in neutral zone.
18:43 of 1st period - Snap shot by John Tavares.
18:43 of 1st period - Deflect By Daniel Sedin.
18:43 of 1st period - Stopped by Viktor Fasth with a rebound.
19:26 of 1st period - Wrist shot by Éric Belanger.
19:26 of 1st period - Shot Blocked by Jay Bouwmeester.
19:28 of 1st period - Slapshot by Kurtis Foster.
19:28 of 1st period - Deflect By Sean Avery.
19:28 of 1st period - Shot Misses the Net.
19:28 of 1st period - Puck is out of play.
19:29 of 1st period - Stephen Weiss wins face-off versus Henrik Sedin in Devils zone.
19:29 of 1st period - Stephen Weiss is hit by Daniel Sedin.
19:39 of 1st period - Wrist shot by Henrik Sedin.
19:39 of 1st period - Stopped by Viktor Fasth without a rebound.
19:40 of 1st period - Henrik Sedin wins face-off versus Stephen Weiss in Devils zone.
19:46 of 1st period - Stephen Weiss is hit by Henrik Sedin.
19:54 of 1st period - Slapshot by Ryan Whitney.
19:54 of 1st period - Deflect By Kurtis Foster.
19:54 of 1st period - Stopped by Pascal Leclaire with a rebound.
Goals for this period are 0 for Devils vs 1 for Stars.
Shots for this period are 9 for Devils vs 14 for Stars.
2nd period
0:01 of 2nd period - Henrik Sedin wins face-off versus Vincent Lecavalier in neutral zone.
0:10 of 2nd period - Snap shot by John Tavares.
0:10 of 2nd period - Shot Misses the Net.
0:12 of 2nd period - Wrist shot by Daniel Sedin.
0:12 of 2nd period - Stopped by Viktor Fasth without a rebound.
0:13 of 2nd period - Henrik Sedin wins face-off versus Guillaume Latendresse in Devils zone.
0:51 of 2nd period - Wrist shot by Vincent Lecavalier.
0:51 of 2nd period - Shot Blocked by Shane Doan.
0:53 of 2nd period - Snap shot by Vincent Lecavalier.
0:53 of 2nd period - Stopped by Pascal Leclaire without a rebound.
0:54 of 2nd period - Jason Arnott wins face-off versus Henrik Sedin in Stars zone.
1:09 of 2nd period - Snap shot by Patrick Eaves.
1:09 of 2nd period - Shot Misses the Net.
1:19 of 2nd period - Henrik Sedin is hit by Vincent Lecavalier and loses puck.
1:34 of 2nd period - Brendan Bell is hit by Brad Ference and loses puck.
1:53 of 2nd period - Slapshot by Brad Ference.
1:53 of 2nd period - Shot Misses the Net.
2:28 of 2nd period - Off-side.
2:29 of 2nd period - Jason Arnott wins face-off versus Marty Reasoner in neutral zone.
2:46 of 2nd period - Ladislav Nagy is hit by Jan Hlavac and loses puck.
3:01 of 2nd period - Wrist shot by Daniel Cleary.
3:01 of 2nd period - Goal by Daniel Cleary - Devils : 0 - Stars : 2.
3:02 of 2nd period - Stephen Weiss wins face-off versus Tomas Plekanec in neutral zone.
3:05 of 2nd period - Snap shot by Stephen Weiss.
3:05 of 2nd period - Stopped by Pascal Leclaire without a rebound.
3:06 of 2nd period - Tomas Plekanec wins face-off versus Stephen Weiss in Stars zone.
3:34 of 2nd period - Minor Penalty to Henrik Sedin for Hooking.
3:35 of 2nd period - Vincent Lecavalier wins face-off versus Marty Reasoner in Stars zone.
3:51 of 2nd period - Slapshot by Jay Bouwmeester.
3:51 of 2nd period - Deflect By Jan Hlavac.
3:51 of 2nd period - Stopped by Pascal Leclaire with a rebound.
4:13 of 2nd period - Wrist shot by Jay Bouwmeester.
4:13 of 2nd period - Stopped by Pascal Leclaire without a rebound.
4:14 of 2nd period - Stephen Weiss wins face-off versus Éric Belanger in Stars zone.
4:23 of 2nd period - Slapshot by Patric Hornqvist.
4:23 of 2nd period - Deflect By Stephen Weiss.
4:23 of 2nd period - Stopped by Pascal Leclaire without a rebound.
4:24 of 2nd period - Stephen Weiss wins face-off versus Marty Reasoner in Stars zone.
4:45 of 2nd period - Snap shot by Stephen Weiss.
4:45 of 2nd period - Shot Misses the Net.
5:03 of 2nd period - Wrist shot by Patric Hornqvist.
5:03 of 2nd period - Shot Misses the Net.
5:05 of 2nd period - Slapshot by Ryan Whitney.
5:05 of 2nd period - Shot Blocked by Jan Hlavac.
5:17 of 2nd period - Slapshot by Guillaume Latendresse.
5:17 of 2nd period - Stopped by Pascal Leclaire without a rebound.
5:18 of 2nd period - Vincent Lecavalier wins face-off versus Éric Belanger in Stars zone.
5:34 of 2nd period - Penalty to Henrik Sedin is over, Henrik Sedin is back on ice.
6:15 of 2nd period - Randy Jones is hit by Ryan Whitney and loses puck.
6:24 of 2nd period - Greg Stewart is hit by Daniel Sedin and loses puck.
6:28 of 2nd period - Icing by Greg Stewart.
6:29 of 2nd period - Dustin Boyd wins face-off versus Tomas Plekanec in Devils zone.
6:45 of 2nd period - Off-side.
6:46 of 2nd period - Henrik Sedin wins face-off versus Maxim Afinogenov in neutral zone.
6:59 of 2nd period - Wrist shot by John Tavares.
6:59 of 2nd period - Stopped by Viktor Fasth without a rebound.
7:00 of 2nd period - Tomas Plekanec wins face-off versus Zach Parise in Devils zone.
7:16 of 2nd period - Snap shot by Milan Michalek.
7:16 of 2nd period - Shot Misses the Net.
7:52 of 2nd period - Slapshot by Ben Lovejoy.
7:52 of 2nd period - Goal by Ben Lovejoy - Devils : 1 - Stars : 2.
7:53 of 2nd period - Stephen Weiss wins face-off versus Henrik Sedin in neutral zone.
8:19 of 2nd period - Vincent Lecavalier is hit by Evgeny Artyukhin and loses puck.
8:30 of 2nd period - Wrist shot by Evgeny Artyukhin.
8:30 of 2nd period - Stopped by Viktor Fasth without a rebound.
8:31 of 2nd period - Henrik Sedin wins face-off versus Vincent Lecavalier in Devils zone.
8:32 of 2nd period - Snap shot by Daniel Sedin.
8:32 of 2nd period - Goal by Daniel Sedin - Devils : 1 - Stars : 3.
8:33 of 2nd period - Henrik Sedin wins face-off versus Stephen Weiss in neutral zone.
8:36 of 2nd period - Slapshot by Kurtis Foster.
8:36 of 2nd period - Stopped by Viktor Fasth without a rebound.
8:37 of 2nd period - Henrik Sedin wins face-off versus Stephen Weiss in Devils zone.
8:43 of 2nd period - Minor Penalty to Maxim Afinogenov for Hooking.
8:44 of 2nd period - Henrik Sedin wins face-off versus Jason Arnott in Devils zone.
9:00 of 2nd period - Wrist shot by Daniel Sedin.
9:00 of 2nd period - Shot Misses the Net.
9:20 of 2nd period - Snap shot by Milan Michalek.
9:20 of 2nd period - Stopped by Viktor Fasth with a rebound.
9:38 of 2nd period - Antti Miettinen is hit by Milan Michalek and loses puck.
10:16 of 2nd period - Daniel Sedin is hit by Ryan Whitney and loses puck.
10:31 of 2nd period - Brendan Bell is hit by Ladislav Nagy and loses puck.
10:43 of 2nd period - Penalty to Maxim Afinogenov is over, Maxim Afinogenov is back on ice.
10:50 of 2nd period - Guillaume Latendresse is hit by Brendan Bell and loses puck.
11:09 of 2nd period - Clay Wilson is hit by Greg Stewart and loses puck.
11:39 of 2nd period - Kurtis Foster is hit by Stephen Weiss and loses puck.
12:51 of 2nd period - Wrist shot by Daniel Cleary.
12:51 of 2nd period - Shot Blocked by Vincent Lecavalier.
12:57 of 2nd period - Brendan Bell is hit by Ryan Whitney and loses puck.
13:43 of 2nd period - Ladislav Nagy is hit by Daniel Sedin and loses puck.
14:02 of 2nd period - Andrej Meszaros is hit by Brendan Bell and loses puck.
14:25 of 2nd period - Snap shot by Maxim Afinogenov.
14:25 of 2nd period - Stopped by Pascal Leclaire with a rebound.
14:27 of 2nd period - Slapshot by Jay Bouwmeester.
14:27 of 2nd period - Stopped by Pascal Leclaire without a rebound.
14:28 of 2nd period - Stephen Weiss wins face-off versus Henrik Sedin in Stars zone.
14:46 of 2nd period - Slapshot by Ryan Whitney.
14:46 of 2nd period - Stopped by Pascal Leclaire with a rebound.
15:24 of 2nd period - Snap shot by Zach Parise.
15:24 of 2nd period - Shot Misses the Net.
15:26 of 2nd period - Slapshot by Ben Lovejoy.
15:26 of 2nd period - Stopped by Pascal Leclaire with a rebound.
15:28 of 2nd period - Slapshot by Zach Parise.
15:28 of 2nd period - Shot Misses the Net.
15:34 of 2nd period - Minor Penalty to Raphael Diaz for Tripping.
15:35 of 2nd period - Vincent Lecavalier wins face-off versus Marty Reasoner in Stars zone.
15:42 of 2nd period - Snap shot by Vincent Lecavalier.
15:42 of 2nd period - Shot Misses the Net.
16:00 of 2nd period - Jan Hlavac is hit by Ben Lovejoy and loses puck.
17:34 of 2nd period - Penalty to Raphael Diaz is over, Raphael Diaz is back on ice.
17:36 of 2nd period - Daniel Cleary is hit by Jason Arnott and loses puck.
17:43 of 2nd period - Slapshot by Antti Miettinen.
17:43 of 2nd period - Stopped by Pascal Leclaire with a rebound.
17:45 of 2nd period - Slapshot by Antti Miettinen.
17:45 of 2nd period - Stopped by Pascal Leclaire with a rebound.
17:47 of 2nd period - Wrist shot by Antti Miettinen.
17:47 of 2nd period - Stopped by Pascal Leclaire without a rebound.
17:48 of 2nd period - Henrik Sedin wins face-off versus Jason Arnott in Stars zone.
18:41 of 2nd period - Slapshot by Evgeny Artyukhin.
18:41 of 2nd period - Shot Blocked by Ben Lovejoy.
19:16 of 2nd period - Daniel Sedin is hit by Ladislav Nagy and loses puck.
19:37 of 2nd period - Shane Doan is hit by Mike Komisarek and loses puck.
Goals for this period are 1 for Devils vs 2 for Stars.
Shots for this period are 14 for Devils vs 7 for Stars.
3rd period
0:01 of 3rd period - Stephen Weiss wins face-off versus Henrik Sedin in neutral zone.
0:06 of 3rd period - Wrist shot by Guillaume Latendresse.
0:06 of 3rd period - Stopped by Pascal Leclaire without a rebound.
0:07 of 3rd period - Stephen Weiss wins face-off versus Henrik Sedin in Stars zone.
0:16 of 3rd period - Wrist shot by Stephen Weiss.
0:16 of 3rd period - Shot Blocked by Kurtis Foster.
0:25 of 3rd period - Minor Penalty to Daniel Sedin for Interference.
0:26 of 3rd period - Marty Reasoner wins face-off versus Vincent Lecavalier in Stars zone.
0:38 of 3rd period - Jan Hlavac is hit by Maxim Afinogenov and loses puck.
2:25 of 3rd period - Penalty to Daniel Sedin is over, Daniel Sedin is back on ice.
2:38 of 3rd period - Slapshot by Tomas Plekanec.
2:38 of 3rd period - Shot Blocked by Andrej Meszaros.
3:54 of 3rd period - Slapshot by Kurtis Foster.
3:54 of 3rd period - Stopped by Viktor Fasth with a rebound.
3:56 of 3rd period - Slapshot by Kurtis Foster.
3:56 of 3rd period - Stopped by Viktor Fasth with a rebound.
4:10 of 3rd period - Guillaume Latendresse is hit by Daniel Sedin and loses puck.
4:29 of 3rd period - Greg Stewart is hit by Milan Michalek and loses puck.
5:00 of 3rd period - Ladislav Nagy is hit by Jan Hlavac and loses puck.
5:36 of 3rd period - Mike Komisarek is hit by John Tavares and loses puck.
5:49 of 3rd period - Milan Michalek is hit by Stephen Weiss and loses puck.
6:09 of 3rd period - Sean Avery is hit by Jason Arnott and loses puck.
6:51 of 3rd period - Jay Bouwmeester is hit by Milan Michalek and loses puck.
7:31 of 3rd period - Backhand shot by John Tavares.
7:31 of 3rd period - Shot Blocked by Antti Miettinen.
7:33 of 3rd period - Snap shot by Randy Jones.
7:33 of 3rd period - Stopped by Viktor Fasth without a rebound.
7:34 of 3rd period - Éric Belanger wins face-off versus Zach Parise in Devils zone.
7:37 of 3rd period - Wrist shot by Sean Avery.
7:37 of 3rd period - Stopped by Viktor Fasth with a rebound.
7:39 of 3rd period - Snap shot by Evgeny Artyukhin.
7:39 of 3rd period - Shot Blocked by Andrej Meszaros.
8:08 of 3rd period - Slapshot by Ryan Whitney.
8:08 of 3rd period - Shot Blocked by Jan Hlavac.
8:10 of 3rd period - Wrist shot by Vincent Lecavalier.
8:10 of 3rd period - Stopped by Pascal Leclaire without a rebound.
8:11 of 3rd period - Henrik Sedin wins face-off versus Stephen Weiss in Stars zone.
8:13 of 3rd period - Minor Penalty to Clay Wilson for Interference.
8:14 of 3rd period - Marty Reasoner wins face-off versus Vincent Lecavalier in Stars zone.
8:44 of 3rd period - Daniel Cleary is hit by Jay Bouwmeester and loses puck.
9:46 of 3rd period - Stephen Weiss is hit by Brendan Bell and loses puck.
10:13 of 3rd period - Penalty to Clay Wilson is over, Clay Wilson is back on ice.
10:21 of 3rd period - Snap shot by Clay Wilson.
10:21 of 3rd period - Shot Hit the Post.
10:23 of 3rd period - Slapshot by Éric Belanger.
10:23 of 3rd period - Shot Misses the Net.
10:25 of 3rd period - Wrist shot by Daniel Cleary.
10:25 of 3rd period - Stopped by Viktor Fasth without a rebound.
10:26 of 3rd period - Jason Arnott wins face-off versus Henrik Sedin in Devils zone.
10:37 of 3rd period - Daniel Sedin is hit by Patrick Eaves.
10:51 of 3rd period - Antti Miettinen is hit by Milan Michalek and loses puck.
11:02 of 3rd period - Wrist shot by Tomas Plekanec.
11:02 of 3rd period - Deflect By Milan Michalek.
11:02 of 3rd period - Stopped by Viktor Fasth without a rebound.
11:03 of 3rd period - Henrik Sedin wins face-off versus Jason Arnott in Devils zone.
11:16 of 3rd period - Wrist shot by Ladislav Nagy.
11:16 of 3rd period - Stopped by Pascal Leclaire without a rebound.
11:17 of 3rd period - Henrik Sedin wins face-off versus Stephen Weiss in Stars zone.
11:24 of 3rd period - Snap shot by Kurtis Foster.
11:24 of 3rd period - Shot Misses the Net.
11:26 of 3rd period - Wrist shot by Daniel Sedin.
11:26 of 3rd period - Stopped by Viktor Fasth with a rebound.
11:28 of 3rd period - Slapshot by Pavel Kubina.
11:28 of 3rd period - Deflect By John Tavares.
11:28 of 3rd period - Stopped by Viktor Fasth without a rebound.
11:29 of 3rd period - Stephen Weiss wins face-off versus Henrik Sedin in Devils zone.
12:08 of 3rd period - Snap shot by Vincent Lecavalier.
12:08 of 3rd period - Stopped by Pascal Leclaire with a rebound.
12:31 of 3rd period - Snap shot by Sean Avery.
12:31 of 3rd period - Goal by Sean Avery - Devils : 1 - Stars : 4.
12:32 of 3rd period - Stephen Weiss wins face-off versus Henrik Sedin in neutral zone.
13:01 of 3rd period - Snap shot by Vincent Lecavalier.
13:01 of 3rd period - Stopped by Pascal Leclaire without a rebound.
13:02 of 3rd period - Patric Hornqvist wins face-off versus Tomas Plekanec in Stars zone.
13:09 of 3rd period - Snap shot by Vincent Lecavalier.
13:09 of 3rd period - Goal by Vincent Lecavalier - Devils : 2 - Stars : 4.
13:10 of 3rd period - Henrik Sedin wins face-off versus Stephen Weiss in neutral zone.
13:15 of 3rd period - Slapshot by Kurtis Foster.
13:15 of 3rd period - Shot Misses the Net.
13:35 of 3rd period - Vincent Lecavalier is hit by Milan Michalek and loses puck.
13:44 of 3rd period - Slapshot by Tomas Plekanec.
13:44 of 3rd period - Shot Misses the Net.
13:46 of 3rd period - Slapshot by Brendan Bell.
13:46 of 3rd period - Shot Blocked by Patric Hornqvist.
15:30 of 3rd period - Slapshot by Patrick Eaves.
15:30 of 3rd period - Shot Misses the Net.
16:02 of 3rd period - Minor Penalty to Henrik Sedin for Slashing.
16:03 of 3rd period - Marty Reasoner wins face-off versus Vincent Lecavalier in Stars zone.
16:09 of 3rd period - Icing by Jay Bouwmeester.
16:10 of 3rd period - Marty Reasoner wins face-off versus Vincent Lecavalier in Devils zone.
16:21 of 3rd period - Snap shot by Maxim Afinogenov.
16:21 of 3rd period - Shot Misses the Net.
16:23 of 3rd period - Snap shot by Vincent Lecavalier.
16:23 of 3rd period - Shot Misses the Net.
16:25 of 3rd period - Snap shot by Jay Bouwmeester.
16:25 of 3rd period - Stopped by Pascal Leclaire without a rebound.
16:26 of 3rd period - Maxim Afinogenov wins face-off versus Marty Reasoner in Stars zone.
16:37 of 3rd period - Slapshot by Jay Bouwmeester.
16:37 of 3rd period - Stopped by Pascal Leclaire without a rebound.
16:38 of 3rd period - Marty Reasoner wins face-off versus Vincent Lecavalier in Stars zone.
18:02 of 3rd period - Penalty to Henrik Sedin is over, Henrik Sedin is back on ice.
18:42 of 3rd period - Icing by Tomas Plekanec.
18:43 of 3rd period - Jason Arnott wins face-off versus Éric Belanger in Stars zone.
18:54 of 3rd period - Slapshot by Sean Avery.
18:54 of 3rd period - Shot Misses the Net.
Goals for this period are 1 for Devils vs 1 for Stars.
Shots for this period are 8 for Devils vs 9 for Stars.
Output by the SimonT Hockey Simulator (STHS) for François Prévost -- Original Page W3C XHTML 1.0 Valid